 Dungeon Crawl Stone Soup version 0.18.1-1-g2f07953 (webtiles) character file.

2376 XVar the Protected (level 9, -10/81 HPs)
             Began as a Minotaur Fighter on May 7, 2016.
             Was a Believer of Trog.
             Mangled by a death yak (20 damage)
             ... on level 8 of the Dungeon.
             The game lasted 00:47:21 (6831 turns).

XVar the Protected (Minotaur Fighter)               Turns: 6831, Time: 00:47:22

Health: -10/81     AC: 17    Str: 24      XL:     9   Next: 21%
Magic:  8/8        EV:  8    Int:  4 (5)  God:    Trog [**....]
Gold:   119        SH:  0    Dex: 10      Spells: 0 memorised, 8 levels left

rFire  + + .     SeeInvis .     L - +2 halberd (flame)
rCold  + . .     Gourm    .     u - +1 plate armour
rNeg   . . .     Faith    .     (shield currently unavailable)
rPois  +         Spirit   .     (helmet restricted)
rElec  +         Dismiss  .     (no cloak)
rCorr  +         Reflect  .     P - +1 pair of gloves
SustAt .         Harm     .     (no boots)
MR     .....                    (no amulet)
Stlth  ..........               J - ring of poison resistance
                                x - ring of protection from fire

@: resistant, very slightly contaminated, invisible, not resistant to hostile
enchantments, extremely unstealthy
A: retaliatory headbutt, horns 2
a: Berserk, Trog's Hand, Burn Spellbooks, Renounce Religion


You were on level 8 of the Dungeon.
You worshipped Trog.
Trog was pleased with you.
You were near starving.

You visited 2 branches of the dungeon, and saw 9 of its levels.

You collected 310 gold pieces.
You spent 191 gold pieces at shops.

Inventory:

Hand Weapons
 g - a +0 hunting sling
 h - a cursed -3 hunting sling
 D - a +0 war axe
 E - a +0 halberd
 L - a +2 halberd of flaming (weapon)
 O - a +0 hunting sling
 X - a +0 spear of piercing
Missiles
 n - 141 arrows
 q - 192 stones (quivered)
 r - 4 large rocks
 t - 28 sling bullets
 v - 10 bolts
 N - 7 tomahawks of dispersal
Armour
 b - a +0 scale mail
 c - a +0 shield
 k - a +0 ring mail
 u - a +1 plate armour (worn)
 y - a +0 cloak
 z - a +0 pair of gloves
 K - a +0 cloak
 M - a +0 chain mail
 P - a +1 pair of gloves (worn)
Jewellery
 j - an uncursed amulet of dismissal
 x - a ring of protection from fire (left hand)
 J - a ring of poison resistance (right hand)
 S - an uncursed ring of poison resistance
Wands
 a - a wand of digging (11/24)
 Q - a wand of paralysis (13/24)
Scrolls
 e - 2 scrolls of enchant armour
 l - a scroll of recharging
 p - 3 scrolls of magic mapping
 w - 4 scrolls of identify
 B - 2 scrolls of teleportation
 Z - 2 scrolls of remove curse
Potions
 C - a potion of brilliance
 R - a potion of invisibility
 W - a potion of lignification
Books
 I - a book of Clouds

   Spells                             Type                      Level
   a - Mephitic Cloud                 Conjuration/Poison/Air       3
   b - Conjure Flame                  Conjuration/Fire             3
   c - Poisonous Cloud                Conjuration/Poison/Air       6
   d - Freezing Cloud                 Conjuration/Ice/Air          6
   e - Ring of Flames                 Charms/Fire                  7
   Trog disapproves of the use of such an item.
Comestibles
 i - 2 meat rations
 s - 2 slices of pizza
 U - 4 bread rations
 V - a royal jelly
 Y - a beef jerky


   Skills:
 + Level 8.0 Fighting
 + Level 7.5 Polearms
 + Level 1.4 Throwing
 + Level 8.2 Armour
 + Level 3.5 Dodging
 + Level 0.3 Stealth
 + Level 7.3 Shields


You had 8 spell levels left.
You didn't know any spells.

Dungeon Overview and Level Annotations

Branches:
Dungeon (8/15)             Temple (1/1) D:4            Lair (0/8) D:8

Altars:
Ashenzari
Cheibriados
Dithmenos
Elyvilon
Fedhas
Gozag
Kikubaaqudgha
Makhleb
Nemelex Xobeh
Okawaru
Pakellas
Qazlal
Ru
Sif Muna
Trog
Vehumet
Xom
Zin
The Shining One

Shops:
D:5 ?[*

Annotations:
D:8 exclusion: orange crystal statue, Prince Ribbit


Innate Abilities, Weirdness & Mutations

You reflexively headbutt those who attack you in melee.
You have a pair of horns on your head.


Message History

You are very lightly contaminated with residual magic.
You completely miss the death yak.
You headbutt the death yak, but do no damage.
The death yak is heavily wounded.
The death yak gores you!
* * * LOW HITPOINT WARNING * * *
You hit the death yak but do no damage.
The death yak is heavily wounded.
The death yak barely misses you. You furiously retaliate!
You headbutt the death yak, but do no damage.
You puncture the death yak! You burn the death yak.
The death yak is severely wounded.
The death yak gores you!
* * * LOW HITPOINT WARNING * * *
Read which item? (? for menu, Esc to quit)
Okay, then.
Drink which item? (? for menu, Esc to quit)
You feel protected. The death yak gores you!!
You die...

#..# ... ...t... #..#
..# ..Y.>.. ##..#
#.###.......
#...#.###.##........
##...#....l##.Y$.....
###....####YF..........
##......# #Y#..........
8).......#
#Y#..........
###......#
#@#.....#..## ###....#
#.##......## ##...#
#.##....### #...#
#.###+#.# ##..# #.# ..
#..# #.# #..# #.# .
#..####.####....
#..#.........>..


You could see 2 death yaks, a komodo dragon, Prince Ribbit and a sheep.

Vanquished Creatures
  2 hippogriffs
  A hungry ghost (D:8)
  A sky beast (D:6)
  An ice beast (D:8)
  An ogre (D:5)
  2 centaurs
  2 giant frogs
  A wyvern zombie (D:6)
  A water moccasin zombie (D:7)
  A water moccasin skeleton (D:6)
  2 howler monkeys
  An electric eel (D:6)
  2 crimson imps
  A giant frog zombie (D:5)
  6 orc priests
  A giant frog skeleton (D:5)
  A hound (D:6)
  5 iguanas
  10 orc wizards
  4 worker ants
  A hound skeleton (D:7)
  2 howler monkey zombies
  7 gnolls
  9 adders
  6 dart slugs
  3 giant geckos
  30 orcs
  10 bats
  5 giant cockroaches
  6 goblins
  6 hobgoblins
  8 jackals
  4 quokkas
  A giant gecko skeleton (D:4)
  7 giant newts
  6 kobolds
  A quokka zombie (D:5)
  13 rats
171 creatures vanquished.

Notes
Turn   | Place    | Note
--------------------------------------------------------------
     0 | D:1      | XVar the Minotaur Fighter began the quest for the Orb.
     0 | D:1      | Reached XP level 1. HP: 19/19 MP: 0/0
   495 | D:1      | Reached XP level 2. HP: 27/27 MP: 1/1
  1102 | D:2      | Reached XP level 3. HP: 21/33 MP: 2/2
  1706 | D:2      | Found a shadowy altar of Dithmenos.
  1872 | D:3      | Reached XP level 4. HP: 34/41 MP: 3/3
  1883 | D:3      | Found a blossoming altar of Fedhas.
  1929 | D:2      | Gained mutation: You are robust (+10% HP). [potion of mutation]
  1929 | D:2      | Gained mutation: Your body sometimes deteriorates upon taking damage. [potion of mutation]
  1929 | D:2      | Gained mutation: You are clumsy. (Dex -2) [potion of mutation]
  2001 | D:3      | Reached skill level 1 in Dodging
  2183 | D:3      | Reached XP level 5. HP: 32/51 MP: 4/4
  2807 | D:4      | Reached skill level 5 in Fighting
  2878 | D:4      | Reached skill level 1 in Throwing
  2908 | D:4      | Reached XP level 6. HP: 58/61 MP: 5/5
  3012 | D:4      | Noticed a hippogriff
  3024 | D:4      | Killed a hippogriff
  3024 | D:4      | Reached skill level 5 in Armour
  3024 | D:4      | Reached skill level 5 in Shields
  3164 | D:4      | Found a staircase to the Ecumenical Temple.
  3175 | Temple   | Entered the Ecumenical Temple
  3185 | Temple   | Became a worshipper of Trog the Wrathful
  3408 | D:4      | Found an opulent altar of Gozag.
  3563 | D:4      | Reached XP level 7. HP: 63/67 MP: 6/6
  3603 | D:5      | Entered Level 5 of the Dungeon
  3608 | D:5      | Found Dach's Assorted Antiques.
  3610 | D:5      | Found Ihil's Antique Armour Emporium.
  3654 | D:5      | Bought a runed bronze ring for 165 gold pieces
  4106 | D:5      | Reached skill level 5 in Polearms
  4160 | D:5      | Reached * piety under Trog
  4226 | D:5      | Found Uloceatu's Magic Scroll Emporium.
  4240 | D:5      | Bought a scroll of identify for 26 gold pieces
  4305 | D:5      | Reached XP level 8. HP: 77/77 MP: 7/7
  4573 | D:6      | Found a shadowy altar of Dithmenos.
  5292 | D:6      | Lost mutation: Your body sometimes deteriorates upon taking damage. [potion of cure mutation]
  5292 | D:6      | Lost mutation: You are robust (+10% HP). [potion of cure mutation]
  5292 | D:6      | Lost mutation: You are clumsy. (Dex -2) [potion of cure mutation]
  6447 | D:8      | Reached ** piety under Trog
  6557 | D:8      | Reached XP level 9. HP: 80/80 MP: 8/8
  6563 | D:8      | Noticed Prince Ribbit
  6739 | D:8      | Noticed an orange crystal statue
  6805 | D:8      | Found a staircase to the Lair.
  6805 | D:8      | Noticed a death yak
  6806 | D:8      | Noticed a komodo dragon
  6809 | D:8      | Noticed a death yak
  6831 | D:8      | Mangled by a death yak

Skill      XL: |  1  2  3  4  5  6  7  8  9 |
---------------+----------------------------+-----
Fighting       | 4 5 6 7 8 |  8.0
Shields        | 4 5 6 7 |  7.3
Armour         | 4 5 6 7 8 |  8.2
Dodging        | 1 2 3 |  3.5
Polearms       | 3 4 5 7 |  7.5
Throwing       | 1 |  1.4
Stealth        | |  0.3

Action                   |  1- 3 |  4- 6 |  7- 9 || total
-------------------------+-------+-------+-------++-------
Melee: Trident           |   121 |   201 |    71 ||   393
       Headbutt          |     8 |    29 |    43 ||    80
       Halberd           |       |       |   201 ||   201
 Fire: Hunting sling     |       |     1 |       ||     1
Throw: Stone             |       |    16 |       ||    16
  Use: Potion            |     1 |     4 |    17 ||    22
       Scroll            |       |     2 |    13 ||    15
  Eat: Bread ration      |     1 |     1 |       ||     2
       Beef jerky        |       |     1 |       ||     1
       Fruit             |       |       |     2 ||     2
       Meat ration       |       |       |     2 ||     2
Armor: Scale mail        |    73 |     8 |       ||    81
       Plate armour      |       |    98 |   198 ||   296
       Skin              |       |     1 |       ||     1
Dodge: Dodged            |    25 |    44 |   112 ||   181
Block: Shield            |    74 |   102 |    53 ||   229
